Map: New Repugnancy LE

Players

Throwfordays - Winner!

  • Race: Protoss Protoss
  • League: Silver
  • Spawn Location: 1:00

GreyAlpha

  • Race: Zerg Zerg
  • League: Bronze
  • Spawn Location: 7:00

VOD

Have the link to the VOD?

Description

Time

  • Played on: Feb. 10, 2019, 5:16 p.m.
  • Length: 9:10
Show
View Real Time Build Order
Export as new Build Order

Throwfordays Protoss - Winner!

Build Orders:  

Get SALT Encoding   

  12  0:01  Probe  
  13  0:13  Probe  
  14  0:21  Pylon  
  14  0:25  Probe  
  15  0:39  Gateway, Probe  
  16  0:53  Probe  
  17  0:59  Assimilator  
  17  1:05  Probe  
  18  1:16  Assimilator  
  18  1:17  Probe  
  19  1:28  Cybernetics Core  
  19  1:30  Probe  
  20  1:42  Probe  
  20  1:43  Forge  
  21  1:49  Gateway  
  21  1:53  Warp Gate  
  21  1:54  Probe  
  22  2:06  Probe  
  22  2:07  Pylon  
  23  2:12  Protoss Ground Weapons Level 1  
  23  2:25  Adept  
  23  2:26  Probe  
  26  2:44  Adept  
  28  2:53  Nexus  
  28  3:08  Photon Cannon  
  28  3:12  Photon Cannon  
  28  3:23  Pylon  
  28  3:28  Pylon  
  28  3:43  Stalker x2  
  28  3:48  Probe  
  33  4:00  Probe  
  34  4:11  Twilight Council, Probe  
  34  4:13  Gateway, Probe  
  35  4:19  Probe  
  35  4:21  Probe  
  37  4:29  Probe  
  38  4:31  Probe  
  40  4:41  Resonating Glaives, Probe  
  40  4:44  Probe  
  42  4:45  Protoss Ground Weapons Level 2  
  42  4:53  Probe  
  42  4:56  Probe  
  44  5:03  Adept x2  
  44  5:05  Probe  
  49  5:08  Probe  
  50  5:17  Probe  
  50  5:19  Gateway  
  50  5:20  Probe  
  52  5:21  Forge  
  52  5:28  Assimilator  
  52  5:29  Probe  
  52  5:32  Assimilator  
  53  5:39  Protoss Ground Armor Level 1  
  53  5:43  Probe  
  53  5:45  Probe  
  55  5:50  Gateway  
  55  5:53  Gateway  
  55  5:55  Probe  
  55  5:56  Forge  
  57  5:57  Probe  
  57  6:03  Gateway  
  57  6:07  Probe  
  58  6:19  Adept x2  
  58  6:24  Pylon  
  62  6:27  Pylon, Protoss Shields Level 1  
  62  6:30  Pylon  
  62  6:32  Pylon  
  62  6:34  Pylon  
  62  6:38  Pylon  
  62  6:41  Pylon  
  62  6:45  Charge  
  62  6:56  Sentry x2  
  62  6:59  Stalker  
  62  7:00  Stalker x2  
  72  7:01  Stalker  
  74  7:15  Robotics Facility  
  74  7:16  Robotics Facility  
  72  7:41  Stalker x2  
  76  8:02  Pylon  
  76  8:06  Pylon  
  76  8:08  Nexus  
  76  8:09  Adept x2  
  76  8:10  Adept, Stalker  
  76  8:11  Stalker x3  
Show
View Real Time Build Order
Export as new Build Order

GreyAlpha Zerg 

Build Orders: Pool First 

Get SALT Encoding   

  12  0:03  Drone  
  13  0:12  Drone  
  14  0:17  Overlord  
  14  0:40  Drone  
  14  0:41  Spawning Pool, Drone  
  15  1:11  Drone x2  
  16  1:16  Extractor  
  16  1:17  Hatchery  
  15  1:19  Extractor  
  15  1:21  Drone  
  15  1:35  Zergling x4  
  17  1:54  Queen  
  19  2:02  Zergling x4  
  21  2:16  Drone  
  21  2:18  Overlord  
  22  2:33  Drone  
  23  2:40  Queen  
  23  2:41  Drone x2  
  23  2:42  Metabolic Boost  
  27  2:48  Drone  
  29  2:58  Zergling x2  
  29  3:00  Zergling x2  
  29  3:03  Drone  
  31  3:21  Roach Warren  
  31  3:26  Zergling x4  
  31  3:27  Zergling x2  
  33  3:43  Queen  
  35  3:55  Zergling x2  
  36  3:56  Overlord  
  36  3:58  Overlord  
  36  4:25  Lair  
  36  4:27  Lair  
  36  4:28  Baneling Nest  
  35  4:43  Roach x2  
  35  4:45  Roach  
  41  4:51  Roach  
  38  5:15  Zergling x6  
  38  5:19  Zergling x2  
  38  5:20  Zergling x2  
  43  5:27  Overlord  
  43  5:35  Baneling x5  
  43  5:36  Baneling x2  
  43  5:37  Baneling  
  43  5:39  Baneling  
  43  5:41  Baneling  
  43  5:43  Baneling  
  43  5:59  Zergling x2  
  43  6:00  Zergling x4  
  43  6:01  Zergling x2  
  42  6:27  Drone x3  
  42  6:29  Drone x3  
  48  6:36  Extractor  
  48  6:37  Extractor  
  46  6:53  Drone  
  47  6:56  Drone  
  47  6:57  Spire  
  47  7:05  Baneling x4  
  47  7:06  Baneling  
  47  7:07  Baneling  
  47  7:10  Baneling  
  47  7:11  Baneling  
  41  7:58  Hatchery  
  40  8:09  Mutalisk  
  40  8:10  Mutalisk x5  
Tags
 
Matchup
PvZ
Opening
Pool First
Replay Pack
Multiplayer
Spawn Locations
Cross Positions
Add a new tag
Caveats
  • Supply blocks, unpowered buildings, or Contaminate may cause inaccurate times.
  • Supply counts are checked every 10 seconds.